 Dungeon Crawl Stone Soup version 0.30-a0-989-g0d87f670db (webtiles) character file.

Game seed: 11803105330786592861

3114 Jeffwins the Caller (level 10, -2/94 HPs)
             Began as a Human Wanderer on Apr 3, 2023.
             Was a Follower of Vehumet.
             Slain by an orc
             ... wielding a +0 trident
              (5 damage)
             ... on level 8 of the Dungeon.
             The game lasted 00:16:25 (9117 turns).

Jeffwins the Caller (Human Wanderer)                Turns: 9117, Time: 00:16:26

Health: -2/94      AC:  6    Str: 24    XL:     10   Next: 14%
Magic:  3/5        EV: 10    Int: 16    God:    Vehumet [*.....]
Gold:   336        SH:  5    Dex: 14    Spells: 14/17 levels left

rFire   . . .      SeeInvis .    d - +5 spear (antimagic)
rCold   . . .      Faith    .    F - +0 buckler
rNeg    + . .      Spirit   .    j - +0 leather armour
rPois   .          Reflect  .    o - +0 helmet
rElec   .          Rampage  .    (no cloak)
rCorr   .                        G - +0 pair of gloves {Str+3}
Will    .....                    y - +0 pair of boots of the Cicada {rN+ Dex+3} Stlth
                                 (no amulet)
HPRegen 0.35/turn                Z - ring of wizardry
MPRegen 0.09/turn                S - +6 ring of strength

@: berserking, very quick
A: no striking features
a: Renounce Religion


You were on level 8 of the Dungeon.
You worshipped Vehumet.
Vehumet was aware of your devotion.
You visited 2 branches of the dungeon, and saw 9 of its levels.
You also visited: Ossuary.

You collected 563 gold pieces.
You spent 227 gold pieces at shops.


   Skills:
 * Level 6.2 Polearms
 + Level 4.5 Throwing
 - Level 1.0 Armour
 + Level 4.8 Stealth
 + Level 3.0 Shields
 + Level 4.3 Spellcasting
 * Level 6.9 Summonings
 + Level 6.8 Evocations


You had 14 spell levels left.
You knew the following spells:

 Your Spells              Type           Power      Damage    Failure   Level
z - Call Canine Familiar  Summ           25%        N/A       1%          3

Your spell library contained the following spells:

 Spells                   Type           Power      Damage    Failure   Level
 Shock                    Conj/Air       12%        1d3       10%         1
 Summon Small Mammal      Summ           100%       N/A       1%          1
 Magic Dart               Conj           12%        1d3       10%         1
 Searing Ray              Conj           6%         2d4       16%         2
 Fulminant Prism          Conj/Hex       1%         3d5       65%         4

Inventory:

Hand Weapons
 a - a +0 spear
 d - a +5 antimagic spear (weapon)
 u - a +2 mace of protection
 v - a +0 trident
Missiles
 l - 4 datura-tipped darts
 t - 12 poisoned darts (quivered)
Armour
 b - a +0 ring mail
 j - a +0 leather armour (worn)
 o - a +0 helmet (worn)
 y - the +0 pair of boots of the Cicada (worn) {rN+ Dex+3}
   (You found it on level 7 of the Dungeon)

   Dex:       It affects your dexterity (+3).
   rN:        It protects you from negative energy.
 F - a +0 buckler (worn)
 G - a +0 pair of gloves of strength (worn)
Jewellery
 O - a +4 ring of protection
 S - a +6 ring of strength (right hand)
 Z - a ring of wizardry (left hand)
Wands
 A - a wand of paralysis (2)
 H - a wand of iceblast (7)
Scrolls
 e - a scroll of amnesia
 f - 5 scrolls of teleportation {@r4}
 g - 4 scrolls of poison {!r}
 i - 3 scrolls of silence {!r}
 k - a scroll of butterflies {unknown}
 m - 2 scrolls of enchant armour
 p - 3 scrolls of blinking {unknown}
 z - 2 scrolls of fog
 D - a scroll of brand weapon
 E - 2 scrolls of fear
Potions
 c - a potion of berserk rage {!q}
 h - 2 potions of might {unknown}
 n - 2 potions of brilliance {unknown}
 q - 5 potions of curing {@q1}
 r - a potion of lignification {unknown}
 s - 3 potions of degeneration {unknown}
 w - a potion of ambrosia {unknown}
 x - 4 potions of attraction {unknown}
 B - 2 potions of mutation {unknown}
 C - a potion of heal wounds {@q2}
 I - a potion of magic {unknown}

Dungeon Overview and Level Annotations

Branches:
Dungeon (8/15)             Temple (1/1) D:5         Ossuary (visited)
   Lair: D:8-11

Altars:
Cheibriados
Dithmenos
Elyvilon
Fedhas
Nemelex Xobeh
Okawaru
Qazlal
Ru
Sif Muna
Trog
Vehumet
Xom
Zin
The Shining One

Shops:
D:4 (   D:5 ?

Annotations:
D:5 2 transporters, baller8008's ghost, novice MiFi

#+### .....
......#######
....=......#
#####.##.......#
........#....o..#
...^....#..h@...#
.............o...#
............######
............#
............#
............#
.....?......#
.........####
.........#


You could see an orc warrior (ally target), an orc and a friendly hound
(summoned).


Message History

Unknown command.
You hit the orc priest.
The orc priest is almost dead.
Your hound barely misses the orc priest.
Unknown command.
You closely miss the orc priest.
The orc priest is almost dead.
Your hound bites the orc priest but does no damage.
You block the orc warrior's attack. You block the orc's attack.
The orc priest invokes the aid of Beogh against you.
Beogh smites you!
* * * LOW HITPOINT WARNING * * *
Your hound bites the orc priest.
The orc priest dies!
Vehumet accepts your kill.
The orc warrior hits you with a +0 mace!
* * * LOW HITPOINT WARNING * * *
The orc hits you with a +0 trident.
* * * LOW HITPOINT WARNING * * *
Your hound misses the orc warrior.
Things that are here:
a +3 short sword; an orc corpse Really quaff
c - 2 potions of berserk rage {!q}?
A red film seems to cover your vision as you go berserk!
You feel yourself moving faster!
You feel mighty!
Your hound bites the orc warrior but does no damage.
The orc warrior hits you with a +0 mace!
* * * LOW HITPOINT WARNING * * *
The orc hits you with a +0 trident.
You die...

Skill      XL: |  1  2  3  4  5  6  7  8  9 |
---------------+----------------------------+-----
Stealth        | 1 2 3 4 |  4.8
Polearms       | 1 2 3 4 6 |  6.2
Summonings     | 3 4 5 6 |  6.9
Spellcasting   | 2 3 4 |  4.3
Throwing       | 2 3 4 |  4.5
Evocations     | 6 |  6.8
Shields        | 1 3 |  3.0
Armour         | |  1.0

Action                     |  1- 3 |  4- 6 |  7- 9 | 10-12 || total
---------------------------+-------+-------+-------+-------++-------
  Melee: Club              |    39 |       |       |       ||    39
         Spear             |    76 |    44 |   220 |    12 ||   352
         Dagger            |     2 |       |       |       ||     2
         Punch             |     1 |     2 |     3 |       ||     6
         Trident           |       |    79 |   130 |       ||   209
         Mace              |       |     4 |       |       ||     4
  Throw: Dart              |       |       |     8 |       ||     8
   Cast: Summon Small Mamm |     7 |       |       |       ||     7
         Call Canine Famil |     1 |    10 |    46 |     3 ||    60
  Evoke: Wand              |       |     1 |     1 |       ||     2
    Use: Potion            |     1 |     1 |     3 |     1 ||     6
         Scroll            |       |     4 |     6 |       ||    10
   Stab: Sleeping          |     1 |     1 |     1 |       ||     3
         Distracted        |       |     1 |     2 |       ||     3
 Armour: Ring mail         |    33 |       |       |       ||    33
         Leather armour    |    11 |    36 |    46 |     2 ||    95
  Dodge: Dodged            |    77 |    86 |   148 |     4 ||   315
  Block: Buckler           |       |       |    19 |     8 ||    27

Levels and vault maps discovered:
D:1:      amcnicky_arrival_feature_with_door, layout_basic
D:2:      layout_rooms
D:3:      layout_loops_ring, nicolae_ecumenical_oubliette,
          chequers_serial_rivers_room_a
D:4:      layout_loops_cross, nicolae_ru_the_path_less_chosen, enter_ossuary_1,
          serial_shops, shop
D:5:      nicolae_cairo_tiling, layout_basic, minmay_temple_entry_offerings,
          gammafunk_ghost_stat_death, serial_shops, shop, dk_rats_in_the_wall
D:6:      layout_rooms, nicolae_overflow_hidden_temple
D:7:      layout_loops_ring, mainiacjoe_overflow_alcove_4
D:8:      minmay_cornered_nines, layout_basic, mainiacjoe_overflow_alcove_1,
          minmay_small_thing, uniq_joseph
Temple:   nicolae_temple_bog_church

Notes
Turn   | Place    | Note
-------+----------+-------------------------------------------
     0 | D:1      | Jeffwins the Human Wanderer began the quest for the Orb.
     0 | D:1      | Jeffwins set off with the following items: a +0 club, a +0
                  | ring mail, a potion of berserk rage {!q}, a wand of acid
                  | (2); and the following spell memorised: Summon Small
                  | Mammal; and the following spells available to memorise:
                  | Call Canine Familiar.
     0 | D:1      | Reached XP level 1. HP: 13/13 MP: 2/2
    58 | D:1      | HP: 1/13 [hobgoblin (2)]
   131 | D:1      | Reached XP level 2. HP: 19/19 MP: 3/3
   849 | D:1      | Reached XP level 3. HP: 24/24 MP: 4/4
  1250 | D:2      | Reached skill level 1 in Stealth
  1861 | D:3      | Learned a level 3 spell: Call Canine Familiar
  1907 | D:3      | Reached skill level 1 in Polearms
  1907 | D:3      | Reached XP level 4. HP: 30/30 MP: 2/6
  2211 | D:3      | Reached skill level 3 in Summonings
  2399 | D:3      | Found a faded altar of an unknown god.
  2736 | D:4      | Noticed an ogre
  2748 | D:4      | HP: 2/30 [ogre/+0 giant spiked club (28)]
  2752 | D:4      | Killed an ogre
  2753 | D:4      | Reached skill level 2 in Polearms
  2753 | D:4      | Reached XP level 5. HP: 3/35 MP: 4/7
  2896 | D:4      | Reached XP level 6. HP: 41/41 MP: 4/8
  2956 | D:4      | Reached skill level 2 in Stealth
  2956 | D:4      | Reached skill level 2 in Spellcasting
  2984 | D:4      | Found Eceicol's Weapon Boutique.
  3002 | D:4      | Reached skill level 2 in Throwing
  3027 | D:4      | Found a sand-covered staircase.
  3121 | Ossuary  | Entered an ossuary
  3213 | Ossuary  | Reached XP level 7. HP: 8/46 MP: 5/10
  3217 | Ossuary  | Reached skill level 4 in Summonings
  3438 | Ossuary  | Reached skill level 3 in Polearms
  3960 | D:4      | Found a sacrificial altar of Ru.
  4392 | D:5      | Entered Level 5 of the Dungeon
  4642 | D:5      | Found a transporter.
  4695 | D:5      | Reached XP level 8. HP: 52/52 MP: 9/12
  4808 | D:5      | Reached skill level 3 in Stealth
  4945 | D:5      | Found Wapporr's Magic Scroll Boutique.
  4946 | D:5      | Found a staircase to the Ecumenical Temple.
  4950 | D:5      | Bought 2 scrolls of identify for 52 gold pieces
  4960 | Temple   | Entered the Ecumenical Temple
  5159 | Temple   | Became a worshipper of Vehumet
  5213 | D:5      | Found a transporter.
  5220 | D:5      | Noticed baller8008's ghost (novice MiFi)
  5621 | D:5      | Reached skill level 4 in Polearms
  5621 | D:5      | Reached skill level 3 in Throwing
  5621 | D:5      | Reached skill level 3 in Spellcasting
  5621 | D:5      | Reached skill level 5 in Summonings
  5787 | D:5      | Bought a scroll of brand weapon for 123 gold pieces
  5787 | D:5      | Bought a scroll of fear for 52 gold pieces
  5924 | D:6      | Reached skill level 6 in Evocations
  6470 | D:6      | Reached * piety under Vehumet
  6470 | D:6      | Offered knowledge of Shock by Vehumet.
  6609 | D:6      | Reached skill level 1 in Shields
  6684 | D:6      | Found a sparkling altar of Nemelex Xobeh.
  6963 | D:7      | Reached XP level 9. HP: 57/57 MP: 1/14
  7176 | D:7      | Reached skill level 5 in Polearms
  7253 | D:7      | Identified the +0 pair of boots of the Cicada {rN+ Dex+3}
  7433 | D:7      | Reached skill level 4 in Stealth
  7433 | D:7      | Reached skill level 6 in Summonings
  7541 | D:7      | Reached skill level 2 in Shields
  8085 | D:7      | Reached skill level 4 in Throwing
  8263 | D:7      | Found a white marble altar of Elyvilon.
  8428 | D:8      | Reached skill level 4 in Spellcasting
  8674 | D:8      | HP: 3/57 [killer bee (5)]
  8854 | D:8      | Noticed a deep elf pyromancer
  8890 | D:8      | Killed a deep elf pyromancer
  8891 | D:8      | Reached skill level 6 in Polearms
  8891 | D:8      | Reached skill level 3 in Shields
  8891 | D:8      | Reached XP level 10. HP: 63/63 MP: 4/16
  8954 | D:8      | Noticed a two-headed ogre
  9117 | D:8      | HP: 3/94 [orc warrior/+0 mace (9)]
  9117 | D:8      | Slain by an orc

Vanquished Creatures
  A deep elf pyromancer (D:8)
  A wraith (D:7)
  A steam dragon (D:8)
  An orc warrior (D:7)
  A black bear (D:4)
  3 ogres
  A phantom (D:7)
  An elf zombie (Ossuary)
  A scorpion (D:4)
  2 bullfrogs (D:7)
  2 gnoll sergeants (D:5)
  2 killer bees (D:8)
  6 howler monkeys
  2 hounds
  A human zombie (Ossuary)
  A jelly (D:7)
  3 orc priests
  A gnoll bouda (D:6)
  2 iguanas
  A hound zombie (Ossuary)
  3 mummies (Ossuary)
  6 adders
  7 gnolls
  A white imp (D:6)
  An ufetubus (D:5)
  An adder zombie (Ossuary)
  2 worms
  2 dart slugs
  14 orcs
  4 ball pythons
  8 endoplasms
  2 giant cockroaches (D:3)
  3 goblins
  4 hobgoblins
  2 quokkas
  5 bats
  3 frilled lizards (D:1)
  2 gnoll zombies (Ossuary)
  A goblin zombie (Ossuary)
  A hobgoblin zombie (Ossuary)
  2 jackal zombies (Ossuary)
  3 kobolds
  4 rats
115 creatures vanquished.

Vanquished Creatures (collateral kills)
  An orc warrior (D:7)
  A sky beast (D:8)
  An ogre (D:5)
  A centaur (D:5)
  A killer bee (D:8)
  A howler monkey (D:7)
  An orc priest (D:8)
  2 hounds
  3 orc wizards
  A mummy (Ossuary)
  4 gnolls (D:5)
  3 adders
  4 orcs
  An endoplasm (D:3)
  A hobgoblin (D:1)
  A frilled lizard (D:1)
  A kobold zombie (Ossuary)
  An orc zombie (Ossuary)
  A rat (D:2)
30 creatures vanquished.

Grand Total: 145 creatures vanquished

Table legend: (Time is in decaauts)
 A = Elapsed time spent in this place.
 B = Non-inter-level travel time spent in this place.
 C = Inter-level travel time spent in this place.
 D = Time resting spent in this place.
 E = Time spent auto-exploring this place.
 F = Levels seen in this place.
 G = Mean time per level.
                   A        B        C        D        E       F      G
               +--------+--------+--------+--------+--------+-----+--------+
         Total |   9159 |   8763 |    396 |    841 |   6022 |  10 |  915.9 |
       Dungeon |   8332 |   7966 |    366 |    792 |   5499 |   8 | 1041.5 |
        Temple |    224 |    194 |     30 |      0 |    183 |   1 |  224.0 |
       Ossuary |    602 |    602 |      0 |     49 |    340 |   1 |  602.0 |
               +--------+--------+--------+--------+--------+-----+--------+

Top non-repeatable levels by time:
     D:7: 1331 daAuts
     D:5: 1320 daAuts
     D:4: 1309 daAuts
     D:1: 1234 daAuts
     D:6: 925 daAuts
     D:3: 872 daAuts
     D:8: 706 daAuts
     D:2: 632 daAuts
 Ossuary: 602 daAuts
  Temple: 224 daAuts

Table legend:
 A = Non-vault XP
 B = Vault XP
 C = Vault XP percentage of total XP
 D = Non-vault monster count
 E = Vault monster count
 F = Vault count percentage of total count
                 A         B        C        D         E       F
            +---------+---------+-------+---------+---------+-------
      Total |    3624 |     825 |  18.5 |     128 |      17 |  11.7
            +---------+---------+-------+---------+---------+-------
        D:1 |      35 |       0 |   0.0 |      21 |       0 |   0.0
        D:2 |      23 |       0 |   0.0 |      11 |       0 |   0.0
        D:3 |      74 |       0 |   0.0 |      14 |       0 |   0.0
        D:4 |     415 |       0 |   0.0 |      11 |       0 |   0.0
        D:5 |     645 |       0 |   0.0 |      23 |       0 |   0.0
        D:6 |     383 |       0 |   0.0 |      16 |       0 |   0.0
        D:7 |    1345 |       0 |   0.0 |      22 |       0 |   0.0
        D:8 |     704 |     574 |  44.9 |      10 |       1 |   9.1
    Ossuary |       0 |     251 | 100.0 |       0 |      16 | 100.0
            +---------+---------+-------+---------+---------+-------
